 Dungeon Crawl Stone Soup version 0.19.1 (webtiles) character file.

439 Yurafenix the Chopper (level 6, -1/53 HPs)
             Began as a Minotaur Fighter on Dec 11, 2016.
             Killed from afar by Natasha (11 damage)
             ... with a wand of flame
             ... on level 3 of the Dungeon.
             The game lasted 00:09:05 (2000 turns).

Yurafenix the Chopper (Minotaur Fighter)            Turns: 2000, Time: 00:09:05

Health: -1/53      AC:  7    Str: 21    XL:     6   Next: 70%
Magic:  5/5        EV:  8    Int:  5    God:
Gold:   103        SH: 10    Dex: 11    Spells: 0 memorised, 5 levels left

rFire  . . .     SeeInvis .     a - +0 war axe
rCold  . . .     Gourm    .     b - +0 scale mail
rNeg   . . .     Faith    .     c - +0 shield
rPois  .         Spirit   .     (helmet restricted)
rElec  .         Reflect  .     (no cloak)
rCorr  .         Harm     .     (no gloves)
MR     .....                    (no boots)
Stlth  ..........               (no amulet)
                                (no ring)
                                (no ring)

@: no status effects
A: retaliatory headbutt, horns 2
a: no special abilities


You were on level 3 of the Dungeon.
You were not hungry.

You visited 1 branch of the dungeon, and saw 3 of its levels.

You collected 103 gold pieces.

Inventory:

Hand Weapons
 a - a +0 war axe (weapon)
Armour
 b - a +0 scale mail (worn)
 c - a +0 shield (worn)
 j - a +0 pair of gloves
Wands
 q - a wand of random effects (39/48)
Scrolls
 e - a scroll of enchant weapon {unknown}
 h - 4 scrolls of identify {unknown}
 k - a scroll of fog {unknown}
 m - 3 scrolls of remove curse {unknown}
 n - a scroll of fear {unknown}
 o - a scroll of teleportation {unknown}
 p - 3 scrolls of recharging {unknown}
Potions
 d - a potion of might
 l - 2 potions of curing
Comestibles
 f - a bread ration
 g - 5 fruits
 i - a beef jerky


   Skills:
 + Level 4.7 Fighting
 + Level 5.9 Axes
 + Level 5.4 Armour
 + Level 1.0 Dodging
 + Level 5.0 Shields


You had 5 spell levels left.
You didn't know any spells.

Dungeon Overview and Level Annotations

Branches:
Dungeon (3/15)

Altars:

Annotations:
D:3 Natasha


Innate Abilities, Weirdness & Mutations

You reflexively headbutt those who attack you in melee.
You have a pair of horns on your head.


Message History

You have reached level 6!
Your experience leads to an increase in your attributes!
Increase (S)trength, (I)ntelligence, or (D)exterity?
You feel stronger.
The kobold throws a stone.
The stone hits you but does no damage. You block the kobold's attack.
You closely miss the kobold. You block the kobold's attack.
You hit the kobold but do no damage. Your headbutt misses the kobold.
You block the kobold's attack. The kobold hits you but does no damage.
Natasha, Servant of Life and Death comes into view.
Natasha hisses angrily.
You slash the kobold!
You kill the kobold!
Natasha casts a spell at you. The magic dart hits you!
Natasha zaps a wand.
The puff of flame hits you!
* * * LOW HITPOINT WARNING * * *
It is a wand of flame.
Natasha zaps a wand.
The puff of flame hits you!
You die...

...... #h...# #....# ....#
###############''#########
≈≈≈≈≈≈≈≈≈≈≈≈≈.....≈≈≈≈≈≈≈≈
≈≈≈≈≈≈≈≈≈≈≈≈≈≈....≈≈≈≈≈≈≈≈
≈≈≈≈(≈≈≈≈≈≈≈≈......≈≈≈≈≈≈≈
≈.≈((≈.≈≈≈.≈≈≈..@.≈≈.≈≈≈≈≈
..(.......................
.................)(.......
.÷(().............)###.##.
(#)#.#############..## ..
.#.#(####### ##..# .
##.#.......# ##......#
##.#######.# ######..#
.))).###


You could see Natasha.

Vanquished Creatures
  Grinder (D:3)
  2 orc priests (D:3)
  An orc wizard (D:3)
  Natasha (twice) (D:3)
  Terence (D:2)
  4 adders (D:2)
  3 worms (D:2)
  A dart slug (D:3)
  A leopard gecko (D:1)
  2 orcs (D:3)
  A giant cockroach (D:2)
  4 hobgoblins
  2 ball pythons (D:2)
  4 frilled lizards
  8 goblins
  10 kobolds
  4 rats
51 creatures vanquished.

Notes
Turn   | Place    | Note
-------+----------+-------------------------------------------
     0 | D:1      | Yurafenix the Minotaur Fighter began the quest for the Orb.
     0 | D:1      | Reached XP level 1. HP: 19/19 MP: 0/0
   484 | D:1      | Reached XP level 2. HP: 27/27 MP: 1/1
   748 | D:2      | Reached XP level 3. HP: 22/33 MP: 2/2
  1208 | D:2      | Reached XP level 4. HP: 13/40 MP: 3/3
  1472 | D:3      | Noticed Terence
  1472 | D:3      | Noticed Natasha
  1481 | D:2      | Killed Terence
  1523 | D:3      | Killed Natasha
  1531 | D:3      | Reached XP level 5. HP: 14/46 MP: 4/4
  1534 | D:3      | HP: 1/46 [orc priest/divine providence (8)]
  1618 | D:3      | Noticed Natasha
  1641 | D:3      | Killed Natasha
  1709 | D:3      | Reached skill level 5 in Axes
  1709 | D:3      | Reached skill level 5 in Armour
  1968 | D:3      | Noticed Grinder
  1982 | D:3      | Paralysed by Grinder for 3 turns
  1992 | D:3      | Killed Grinder
  1992 | D:3      | Reached skill level 1 in Dodging
  1992 | D:3      | Reached skill level 5 in Shields
  1992 | D:3      | Reached XP level 6. HP: 13/53 MP: 5/5
  1998 | D:3      | Noticed Natasha
  2000 | D:3      | Killed from afar by Natasha

Skill      XL: |  1  2  3  4  5 |
---------------+----------------+-----
Shields        | 4 5 |  5.0
Armour         | 4 5 |  5.4
Axes           | 3 4 5 |  5.9
Fighting       | 4 |  4.7
Dodging        | 1 |  1.0

Action                   |  1- 3 |  4- 6 || total
-------------------------+-------+-------++-------
Melee: War axe           |    83 |    53 ||   136
       Headbutt          |     8 |     6 ||    14
  Use: Potion            |     1 |       ||     1
  Eat: Bread ration      |       |     1 ||     1
Armor: Scale mail        |    40 |    19 ||    59
Dodge: Dodged            |    24 |    23 ||    47
Block: Shield            |    56 |    25 ||    81
